 Dungeon Crawl Stone Soup version 0.22-a0-480-g991dd4b (webtiles) character file.

602 CougarLife the Chopper (level 7, -3/64 HPs)
             Began as a Minotaur Fighter on June 14, 2018.
             Slain by a wight
             ... wielding a cursed +0 great sword of draining
              (11 damage)
             ... on level 5 of the Dungeon.
             The game lasted 00:03:58 (3547 turns).

CougarLife the Chopper (Minotaur Fighter)           Turns: 3547, Time: 00:04:00

Health: -3/64      AC:  8    Str: 26    XL:     7   Next: 18%
Magic:  6/6        EV:  7    Int:  7    God:
Gold:   437        SH:  9    Dex:  9    Spells: 6/6 levels left

rFire    . . .     SeeInvis .   a - +0 war axe
rCold    . . .     Gourm    .   c - +0 shield
rNeg     . . .     Faith    .   b - +0 scale mail
rPois    .         Spirit   .   (helmet restricted)
rElec    .         Reflect  .   (no cloak)
rCorr    .         Harm     .   (no gloves)
MR       .....                  p - +0 pair of boots
Stlth    ..........             r - amulet of regeneration
HPRegen  0.60/turn              y - +1 ring of protection
MPRegen  0.10/turn              (no ring)

@: mighty, heavily drained
A: retaliatory headbutt, horns 2
a: no special abilities


You were on level 5 of the Dungeon.
You were hungry.

You visited 1 branch of the dungeon, and saw 5 of its levels.

You collected 437 gold pieces.

Inventory:

Hand Weapons
 a - a +0 war axe (weapon)
Armour
 b - a +0 scale mail (worn)
 c - a +0 shield (worn)
 p - a +0 pair of boots (worn)
Jewellery
 g - an uncursed ring of fire {unknown}
 r - an amulet of regeneration (around neck)
 y - a +1 ring of protection (left hand)
 z - an uncursed ring of stealth {unknown}
 B - a cursed amulet of inaccuracy {unknown}
Scrolls
 h - a scroll of random uselessness {unknown}
 k - 2 scrolls of remove curse
 l - a scroll of identify
 q - 3 scrolls of teleportation {unknown}
 t - a scroll of enchant armour {unknown}
 v - 2 scrolls of amnesia {unknown}
 w - 2 scrolls of fear {unknown}
 x - 2 scrolls of magic mapping {unknown}
 D - a scroll of immolation {unknown}
Potions
 e - 3 potions of curing {unknown}
 i - a potion of haste {unknown}
 j - a potion of degeneration {unknown}
 m - a potion of heal wounds {unknown}
 n - 2 potions of agility {unknown}
 o - a potion of cancellation {unknown}
 s - a potion of resistance {unknown}
 u - a potion of mutation {unknown}
 A - a potion of ambrosia {unknown}
Comestibles
 f - 10 rations


   Skills:
 + Level 6.9(5.0) Fighting
 + Level 7.0(5.0) Axes
 - Level 4.0(2.2) Armour
 - Level 4.2(2.4) Shields


You had 6 spell levels left.
You didn't know any spells.
Your spell library was empty.

Dungeon Overview and Level Annotations

Branches:
Dungeon (5/15)
 Temple: D:4-7

Altars:
Gozag
Xom


Innate Abilities, Weirdness & Mutations

You reflexively headbutt those who attack you in melee.
You have a pair of horns on your head.


Message History

The wight is heavily damaged.
The centaur unwields an uncursed shortbow.
You block the centaur's attack. You block the wight's attack.
You closely miss the wight.
The wight is lightly damaged.
You hit the centaur but do no damage. You block the centaur's attack.
The wight completely misses you. The wight closely misses you.
You furiously retaliate!
You headbutt the wight. You hit the wight.
The wight is heavily damaged.
You hit the centaur. You block the centaur's attack. The centaur hits you!
* * * LOW HITPOINT WARNING * * *
You block the wight's attack.
You feel very mighty all of a sudden. You block the centaur's attack.
The wight hits you from afar with an enchanted trident!
* * * LOW HITPOINT WARNING * * *
You block the centaur's attack.
The wight hits you with a great sword of draining!
You die...

.. .. #. #. # #.
####.#.######
........cz..#
#....zz@..#
#....#####.#
#....#####.#####
................#
... ....###.###.#
.. ........# #.#
# ........# #.#
.##########.#
#..#


You could see a centaur and 3 wights.

Vanquished Creatures
  An ice beast (D:2)
  A phantom (D:4)
  The ghost of CougarLife the Ducker, an amateur DsGl (D:4)
  An ogre (D:3)
  A crimson imp (D:2)
  2 orc wizards (D:4)
  3 gnolls (D:3)
  2 howler monkey skeletons (D:4)
  4 adders
  An ooze (D:2)
  3 dart slugs (D:2)
  2 leopard geckos
  8 orcs
  3 giant cockroaches
  5 goblins
  7 hobgoblins (D:2)
  6 jackals
  2 quokkas
  A ball python (D:2)
  5 bats
  5 frilled lizards
  12 kobolds
  4 rats
80 creatures vanquished.

Notes
Turn   | Place    | Note
-------+----------+-------------------------------------------
     0 | D:1      | CougarLife the Minotaur Fighter began the quest for the Orb.
     0 | D:1      | Reached XP level 1. HP: 19/19 MP: 0/0
   541 | D:1      | Reached XP level 2. HP: 27/27 MP: 1/1
   884 | D:2      | Found a shimmering altar of Xom.
   943 | D:2      | Noticed a crimson imp
   949 | D:2      | Killed a crimson imp
   949 | D:2      | Reached skill level 3 in Axes
   949 | D:2      | Reached XP level 3. HP: 31/33 MP: 2/2
  1012 | D:2      | Reached skill level 4 in Axes
  1015 | D:2      | Reached XP level 4. HP: 40/40 MP: 3/3
  1019 | D:2      | Noticed an ice beast
  1027 | D:2      | Killed an ice beast
  1027 | D:2      | Reached XP level 5. HP: 47/47 MP: 4/4
  1033 | D:2      | Reached skill level 5 in Axes
  1205 | D:2      | Found an opulent altar of Gozag.
  1212 | D:2      | Reached skill level 5 in Fighting
  2132 | D:3      | Noticed an ogre
  2140 | D:3      | Killed an ogre
  2140 | D:3      | Reached skill level 6 in Axes
  2140 | D:3      | Reached XP level 6. HP: 28/57 MP: 5/5
  2687 | D:4      | Noticed CougarLife's ghost (amateur DsGl)
  2708 | D:4      | Killed CougarLife's ghost
  3083 | D:4      | Reached XP level 7. HP: 55/64 MP: 6/6
  3130 | D:4      | Reached skill level 7 in Axes
  3520 | D:5      | Entered Level 5 of the Dungeon
  3547 | D:5      | Slain by a wight

Vault maps used:
D:1:      matt_arrival_grand_opening, serial_forest,
          infiniplex_forest_lined_4_way, infiniplex_forest_split,
          infiniplex_forest_straight_2, infiniplex_forest_clump_curved,
          infiniplex_forest_clump_tiny, infiniplex_forest_clump_large
D:2:      lemuel_crystal_altar, nicolae_gozag_cash_rules_everything_around_me
D:4:      st_stairs_3
D:5:      first_ration

Skill      XL: |  1  2  3  4  5  6  7 |
---------------+----------------------+-----
Fighting       | 4 5 6 |  6.9
Armour         | 4 |  4.0
Shields        | 4 |  4.2
Axes           | 3 4 6 7 |  7.0

Action                   |  1- 3 |  4- 6 |  7- 9 || total
-------------------------+-------+-------+-------++-------
Melee: War axe           |    53 |   154 |    15 ||   222
       Headbutt          |    11 |    24 |     2 ||    37
  Use: Potion            |       |     1 |     1 ||     2
       Scroll            |       |     4 |       ||     4
  Eat: Chunk             |       |     7 |     1 ||     8
Armor: Scale mail        |    28 |    66 |     6 ||   100
Dodge: Dodged            |    18 |    33 |     7 ||    58
Block: Shield            |    23 |    74 |    14 ||   111

Table legend:
 A = Spawn XP
 B = Non-spawn XP
 C = Spawn XP percentage of total XP
 D = Spawn monster count
 E = Non-spawn monster count
 F = Spawn count percentage of total count
 G = Total turns spent on level
                    A         B        C        D         E        F      G
               +---------+---------+-------+---------+---------+-------+---------
         Total |       0 |     860 |   0.0 |       0 |      80 |   0.0 |  3547
               +---------+---------+-------+---------+---------+-------+---------
           D:1 |       0 |      13 |   0.0 |       0 |       9 |   0.0 |   884
           D:2 |       0 |     255 |   0.0 |       0 |      31 |   0.0 |   576
           D:3 |       0 |     219 |   0.0 |       0 |      25 |   0.0 |  1204
           D:4 |       0 |     373 |   0.0 |       0 |      15 |   0.0 |   856
               +---------+---------+-------+---------+---------+-------+---------
